 Dungeon Crawl Stone Soup version 0.15-a0-1269-g8ca96ae (webtiles) character file.

172 Quh the Distorting Demonspawn (level 5, -2/41 HPs)
             Began as a Demonspawn Abyssal Knight on June 5, 2014.
             Was a Believer of Lugonu.
             Slain by a gnoll
             ... wielding a +0,+1 halberd of venom
              (12 damage)
             ... on Level 4 of the Dungeon.
             The game lasted 00:16:10 (4158 turns).

Quh the Distorting Demonspawn (DsAK)                Turns: 4158, Time: 00:16:10

HP  -2/41        AC 10     Str 14      XL: 5   Next: 27%
MP   9/9         EV  4     Int 13      God: Lugonu [**....]
Gold 146         SH  3     Dex 12      Spells:  0 memorised,  7 levels left

rFire  . . .     SeeInvis +     a - +1 spear
rCold  . . .     Clarity  .     f - +0 chain mail
rNeg   . . .     rCorr    .     w - +0 buckler
rPois  .         rRot     .     u - +0 helmet (curse)
rElec  .         Spirit   .     C - +0 cloak
SustAb .         Warding  .     (no gloves)
rMut   .         Stasis   .     (no boots)
Gourm  .                        (no amulet)
MR     .....                    (no ring)
                                D - ring of see invisible

@: lethally poisoned, not resistant to hostile enchantments, extremely
unstealthy
A: demonic guardian 1, powered by pain 1
a: Depart the Abyss, Bend Space, Renounce Religion


You were on level 4 of the Dungeon.
You worshipped Lugonu.
Lugonu was pleased with you.
You were very hungry.

You visited 1 branch of the dungeon, and saw 4 of its levels.
You visited the Abyss 1 time.

You collected 146 gold pieces.

Inventory:

Hand weapons
 a - a +1,+1 spear (weapon)
 B - a +1,+2 short sword of draining
 F - a cursed -3,-2 spear
Missiles
 e - 96 stones (quivered)
 z - 31 arrows
Armour
 b - a +0 leather armour
 f - a +0 chain mail (worn)
 t - a +0 ring mail
 u - a cursed +0 helmet (worn)
 v - a +1 chain mail
 w - a +0 buckler (worn)
 C - a +0 cloak (worn)
Comestibles
 c - 3 bread rations
 E - 2 fruits
Scrolls
 d - a scroll of enchant weapon I {unknown}
 g - a scroll of fog {unknown}
 k - a scroll of noise {unknown}
 l - 2 scrolls of remove curse {unknown}
 m - 6 scrolls of identify {unknown}
 p - 4 scrolls of teleportation {unknown}
 q - a scroll of enchant armour {unknown}
 r - 2 scrolls of enchant weapon II {unknown}
 s - a scroll of blinking {unknown}
 x - a scroll of immolation {unknown}
 G - a scroll of amnesia {unknown}
Jewellery
 D - a ring of see invisible (left hand)
Potions
 h - 2 potions of heal wounds {unknown}
 i - 2 potions of haste {unknown}
 j - 2 potions of curing {unknown}
 n - 2 potions of agility {unknown}
 o - a potion of paralysis {unknown}
 A - a potion of resistance {unknown}
Books
 y - a book of Power

   Spells                             Type                      Level
   Fulminant Prism                    Conjuration/Hexes            4
   Iskenderun's Mystic Blast          Conjuration                  4
   Venom Bolt                         Conjuration/Poison           5
   Bolt of Magma                      Conjuration/Fire/Earth       5
   Iron Shot                          Conjuration/Earth            6
   Orb of Destruction                 Conjuration                  7


   Skills:
 - Level 3.0 Fighting
 * Level 3.4 Polearms
 - Level 1.7 Armour
 - Level 0.8 Dodging
 * Level 1.5 Spellcasting
 * Level 5.0 Invocations


You had 7 spell levels left.
You didn't know any spells.

Dungeon Overview and Level Annotations

Branches:
Dungeon (4/15)
 Temple: D:4-7

Altars:
Okawaru


Innate Abilities, Weirdness & Mutations

A weak demonic guardian rushes to your aid.
You sometimes gain a little power by taking damage.


Message History

The gnoll hits you with a halberd of venom.
You are more poisoned.
You hit the gnoll.
The gnoll is heavily wounded.
You feel sick.
The gnoll hits you with a halberd of venom!
You hit the gnoll but do no damage.
The gnoll is heavily wounded.
You feel sick. The gnoll hits you but does no damage.
You hit the gnoll.
The gnoll is severely wounded.
* * * LOW HITPOINT WARNING * * *
You feel sick. The gnoll hits you but does no damage.
You are more poisoned.
Your chain mail prevents you from hitting the gnoll.
The gnoll is severely wounded.
* * * LOW HITPOINT WARNING * * *
You feel sick.
The gnoll hits you with a halberd of venom!
You die...

#.........#
#.........#
#.........#
#.........#
#.........#
#.........#
#.........#
#..g......#
#...@.....#
#.........#
#.........###########
#..).................
######.###...#.####.#
#.# #...#.# #.#
#.#.....+.# #.#
#.#.#...### #..
#.#.#...# ###


You could see a gnoll.

Vanquished Creatures
  An orc wizard (D:3)
  2 adders (D:2)
  5 gnolls (D:4)
  A worm (D:2)
  2 giant geckos
  An ooze (D:3)
  An orc (D:3)
  A ball python (D:3)
  4 giant cockroaches
  3 goblins
  7 hobgoblins
  10 bats
  5 giant newts
  8 kobolds
  9 rats
60 creatures vanquished.

Vanquished Creatures (others)
  A crimson imp (D:4)
  An orc wizard (D:3)
2 creatures vanquished.

Grand Total: 62 creatures vanquished

Notes
Turn   | Place    | Note
--------------------------------------------------------------
     0 | Abyss:1  | Quh, the Demonspawn Abyssal Knight, began the quest for the Orb.
     0 | Abyss:1  | Reached XP level 1. HP: 18/18 MP: 1/1
    70 | Abyss:1  | Noticed a large abomination
    70 | D:1      | Escaped the Abyss
   295 | D:1      | Gained mutation: You sometimes gain a little power by taking damage. [demonic ancestry]
   295 | D:1      | Reached XP level 2. HP: 17/24 MP: 3/3
   499 | D:1      | Acquired Lugonu's first power
  1135 | D:2      | Reached XP level 3. HP: 10/29 MP: 5/5
  1660 | D:2      | Reached skill level 4 in Invocations
  1689 | D:2      | HP: 1/29 [poisoned by an adder]
  2182 | D:2      | Found an iron altar of Okawaru.
  2509 | D:3      | Reached XP level 4. HP: 35/35 MP: 7/7
  3189 | D:3      | Reached skill level 1 in Spellcasting
  3439 | D:4      | Acquired Lugonu's second power
  3521 | D:4      | Gained mutation: A weak demonic guardian rushes to your aid. [demonic ancestry]
  3521 | D:4      | Reached XP level 5. HP: 30/41 MP: 7/9
  3731 | D:4      | Reached skill level 5 in Invocations
  3840 | D:3      | HP: 2/41 [poisoned by a gnoll]
  3848 | D:3      | HP: 1/41 [poisoned by a gnoll]
  4158 | D:4      | Slain by a gnoll

Action                   |  1- 3 |  4- 6 || total
-------------------------+-------+-------++-------
Melee: Spear             |   153 |   130 ||   283
Throw: Stone             |    56 |    31 ||    87
Invok: Depart the Abyss  |     1 |       ||     1
